Map: Ascension to Aiur LE

Players

Sandro - Winner!

  • Race: Protoss Protoss
  • League: Master
  • Spawn Location: 11:00

BabyMarine

  • Race: Terran Terran
  • League: Master
  • Spawn Location: 5:00

VOD

Have the link to the VOD?

Description

Time

  • Played on: Oct. 29, 2017, 5:34 a.m.
  • Length: 24:17
Show
View Real Time Build Order
Export as new Build Order

Sandro Protoss - Winner!

Build Orders: 1 Gate Expand, Oracle Opening 

Get SALT Encoding   

  12  0:01  Probe (Chrono Boost)  
  13  0:11  Probe (Chrono Boost)  
  14  0:18  Pylon  
  14  0:23  Probe (Chrono Boost)  
  15  0:36  Probe (Chrono Boost)  
  15  0:38  Gateway  
  16  0:43  Assimilator  
  16  0:47  Probe (Chrono Boost)  
  17  0:57  Probe (Chrono Boost)  
  18  1:08  Probe (Chrono Boost)  
  20  1:18  Probe (Chrono Boost)  
  20  1:27  Nexus  
  20  1:37  Cybernetics Core  
  20  1:41  Probe (Chrono Boost)  
  21  1:47  Assimilator  
  21  1:52  Probe (Chrono Boost)  
  22  1:56  Pylon  
  22  2:02  Probe (Chrono Boost)  
  23  2:15  Adept, Mothership Core (Chrono Boost)  
  26  2:16  Warp Gate  
  26  2:33  Probe (Chrono Boost)  
  27  2:39  Probe (Chrono Boost)  
  28  2:49  Probe (Chrono Boost)  
  28  2:50  Probe (Chrono Boost)  
  28  2:51  Adept (Chrono Boost)  
  32  2:52  Stargate  
  32  2:59  Probe  
  32  3:02  Probe  
  34  3:10  Probe  
  35  3:14  Probe  
  35  3:15  Adept (Chrono Boost)  
  38  3:20  Probe  
  38  3:26  Probe  
  40  3:28  Gateway  
  40  3:31  Gateway, Probe  
  41  3:36  Oracle (Chrono Boost)  
  44  3:43  Pylon, Probe x2  
  46  3:51  Pylon  
  46  3:59  Probe  
  46  4:01  Probe  
  48  4:02  Pylon  
  48  4:09  Oracle (Chrono Boost)  
  51  4:19  Nexus  
  51  4:22  Nexus  
  51  4:31  Twilight Council  
  51  4:34  Forge  
  51  4:35  Probe  
  51  4:36  Probe  
  53  4:43  Phoenix (Chrono Boost)  
  52  4:50  Assimilator  
  52  4:52  Assimilator  
  52  4:54  Adept  
  52  4:55  Adept  
  52  4:57  Adept, Probe  
  59  5:05  Phoenix (Chrono Boost)  
  61  5:11  Probe  
  61  5:12  Probe  
  63  5:16  Resonating Glaives (Chrono Boost)  
  63  5:23  Probe  
  63  5:24  Probe  
  63  5:27  Phoenix  
  67  5:36  Gateway, Protoss Ground Weapons Level 1 (Chrono Boost)  
  67  5:37  Gateway  
  67  5:39  Gateway  
  67  5:41  Probe  
  68  5:43  Probe x2  
  68  5:48  Phoenix  
  70  5:56  Probe  
  73  5:57  Probe  
  73  5:58  Probe  
  73  6:02  Adept, Pylon  
  77  6:11  Robotics Facility  
  77  6:16  Probe  
  77  6:17  Pylon, Probe x2  
  80  6:20  Adept  
  84  6:27  Adept x2  
  84  6:28  Probe  
  84  6:29  Probe  
  84  6:31  Probe  
  89  6:38  Probe  
  89  6:42  Probe  
  89  6:43  Adept x3, Probe  
  98  6:52  Adept  
  100  6:54  Probe  
  100  6:55  Charge (Chrono Boost)  
  100  6:56  Pylon  
  100  6:59  Pylon, Robotics Bay  
  101  7:05  Pylon  
  101  7:06  Assimilator  
  101  7:14  Probe, Phoenix  
  101  7:15  Probe  
  103  7:22  Observer  
  106  7:23  Adept, Pylon  
  106  7:24  Adept  
  106  7:26  Robotics Facility  
  106  7:27  Sentry x2  
  106  7:28  Probe  
  106  7:29  Probe  
  116  7:33  Assimilator  
  116  7:36  Pylon, Phoenix  
  118  7:46  Probe x3  
  118  7:48  Observer  
  122  7:53  Protoss Ground Weapons Level 2 (Chrono Boost)  
  122  7:58  Probe  
  122  7:59  Phoenix  
  122  8:04  Nexus  
  125  8:06  Pylon, Forge  
  125  8:08  Probe x2  
  127  8:21  Probe  
  127  8:23  Pylon  
  128  8:30  Pylon  
  126  8:34  Probe, Colossus x2 (Chrono Boost)  
  126  8:37  Extended Thermal Lance  
  139  8:43  Zealot x4  
  139  8:44  Pylon  
  146  8:54  Protoss Ground Armor Level 1  
  146  8:57  Zealot x2  
  150  9:06  Adept x4  
  152  9:14  Pylon  
  152  9:15  Pylon  
  150  9:23  Adept x2  
  130  9:27  Adept x3  
  130  9:28  Adept  
  133  9:38  Phoenix  
  139  9:39  Colossus x2 (Chrono Boost)  
  145  9:45  Zealot  
  145  9:46  Zealot  
  145  9:49  Stalker x3  
  155  9:55  Zealot  
  129  10:15  Phoenix  
  129  10:16  Probe x3  
  129  10:17  Zealot x2  
  138  10:25  Colossus x2 (Chrono Boost)  
  138  10:26  Zealot x2  
  138  10:27  Zealot x2  
  154  10:41  Zealot x2  
  150  10:48  Stalker x2  
  150  10:49  Stalker x2  
  158  10:50  Protoss Ground Armor Level 2  
  158  10:55  Probe  
  145  11:01  Protoss Ground Weapons Level 3  
  145  11:04  Nexus  
  145  11:11  Warp Prism (Chrono Boost)  
  145  11:12  Observer (Chrono Boost)  
  145  11:13  Assimilator  
  145  11:17  Assimilator  
  148  11:18  Phoenix (Chrono Boost)  
  148  11:21  Pylon  
  150  11:27  Templar Archives  
  156  11:36  Stalker x2  
  156  11:37  Stalker  
  156  11:42  Pylon  
  156  11:44  Pylon  
  156  11:50  Zealot x3  
  162  12:00  Fleet Beacon  
  162  12:08  Psionic Storm  
  162  12:13  Stalker x5  
  162  12:14  Stalker  
  174  12:38  Zealot x4  
  174  12:39  Zealot x2  
  186  12:47  Gateway  
  186  12:49  Gateway  
  186  12:50  Blink (Chrono Boost)  
  186  12:51  Gateway  
  186  13:07  Zealot  
  188  13:13  Pylon x2  
  188  13:15  Nexus  
  188  13:18  Pylon  
  188  13:26  Stargate x2  
  186  13:31  Tempest (Chrono Boost)  
  192  13:45  Probe x2  
  192  13:47  Photon Cannon  
  186  13:49  Zealot x3, Photon Cannon  
  186  13:50  Zealot  
  186  13:54  High Templar x2  
  198  13:59  Pylon  
  198  14:07  Tempest (Chrono Boost)  
  196  14:10  Photon Cannon  
  196  14:14  Photon Cannon  
  196  14:15  Photon Cannon  
  196  14:18  Pylon  
  196  14:19  Tempest (Chrono Boost)  
  200  14:24  Protoss Ground Armor Level 3 (Chrono Boost), Protoss Air Weapons Level 1 (Chrono Boost)  
  200  14:40  Photon Cannon  
  200  14:44  Protoss Shields Level 1 (Chrono Boost)  
  200  14:46  Assimilator  
  200  14:50  Assimilator  
  200  14:51  High Templar x2  
  196  15:02  Warp Prism  
  198  15:36  Pylon x2  
  198  15:40  Pylon  
  188  16:00  Tempest x2 (Chrono Boost)  
  168  16:04  Tempest (Chrono Boost)  
  168  16:09  Stalker x2  
  168  16:10  Stalker x4, High Templar  
  200  16:13  Protoss Air Weapons Level 2  
  200  16:34  Protoss Shields Level 2  
  200  16:40  Nexus  
  200  16:43  Pylon  
  184  16:59  Stalker x3  
  184  17:00  Stalker x4  
  178  17:13  High Templar x2  
  182  17:19  Tempest x2 (Chrono Boost)  
  194  17:25  Photon Cannon  
  194  17:27  High Templar x3, Photon Cannon  
  194  17:29  Photon Cannon  
  200  17:32  Assimilator  
  200  17:36  Assimilator  
  200  17:40  Dark Shrine  
  191  17:47  Probe x5  
  187  17:55  High Templar  
  187  17:56  High Templar x2  
  195  17:59  Tempest (Chrono Boost), Probe x3  
  195  18:00  Probe x3  
  193  18:17  Zealot x3  
  193  18:18  Zealot  
  146  18:36  Stalker x2  
  146  18:37  Stalker x3  
  126  18:42  Immortal x2  
  124  18:51  Probe x4  
  128  18:58  Dark Templar x3  
  128  19:01  High Templar x4  
  142  19:07  Tempest (Chrono Boost)  
  142  19:08  Tempest (Chrono Boost)  
  154  19:16  Tempest (Chrono Boost)  
  160  19:17  High Templar  
  162  19:31  Zealot  
  162  19:32  Zealot x3  
  162  19:34  Stalker x2  
  162  19:36  Sentry  
  176  19:44  High Templar  
  172  20:08  High Templar x4  
  172  20:12  Archon x2  
  180  20:14  Zealot x4  
  180  20:17  Nexus  
  180  20:20  Pylon  
  188  20:34  Stalker x3  
  188  20:35  Stalker x2  
  183  20:53  Stalker  
  169  21:08  Stalker x2  
  169  21:09  Stalker x3  
  121  21:32  Immortal (Chrono Boost)  
  125  21:33  Zealot  
  125  21:34  Zealot x3  
  131  21:47  Gateway  
  131  21:50  Gateway  
  131  21:52  Gateway  
  131  21:54  High Templar x4  
  131  21:55  Gateway, Nexus  
  131  21:59  Archon x2  
  139  22:08  Pylon  
  139  22:12  Pylon  
  139  22:14  Warp Prism (Chrono Boost), Pylon  
  139  22:15  Pylon  
  141  22:21  Gateway  
  141  22:24  Gateway  
  141  22:27  Gateway  
  141  22:28  Gateway  
  141  22:29  Dark Templar x3  
  147  22:31  Tempest, Zealot  
  147  22:32  Zealot  
  147  22:36  Tempest  
  155  23:07  Zealot x7  
  155  23:08  Zealot  
  171  23:13  Cybernetics Core  
  171  23:16  Pylon  
  171  23:19  Assimilator  
  171  23:23  Assimilator  
  171  23:25  Zealot  
  173  23:29  High Templar x4  
  173  23:31  Zealot x3  
  173  23:32  Pylon, Zealot  
  173  23:33  Archon x2  
  189  23:52  Nexus  
  189  23:54  Stalker  
  189  23:55  Pylon, Stalker x4  
Show
View Real Time Build Order
Export as new Build Order

BabyMarine Terran 

Build Orders: Reaper Expand, MMM Bio 

Get SALT Encoding   

  12  0:01  SCV  
  13  0:14  SCV  
  14  0:19  Supply Depot  
  14  0:26  SCV  
  15  0:42  Barracks  
  15  0:43  SCV  
  15  0:49  Refinery  
  16  0:55  SCV  
  17  1:07  SCV  
  18  1:30  Orbital Command  
  18  1:32  Reaper  
  19  1:38  Command Center  
  19  1:55  Supply Depot  
  19  1:59  SCV  
  20  2:07  Marine  
  21  2:11  SCV  
  22  2:17  Factory  
  22  2:20  Refinery  
  22  2:23  SCV  
  22  2:26  Barracks Reactor  
  23  2:35  SCV  
  24  2:47  SCV  
  25  3:01  SCV  
  25  3:02  Orbital Command  
  25  3:03  Marine  
  25  3:04  Widow Mine, Marine  
  25  3:05  Starport  
  30  3:13  SCV  
  31  3:21  Marine x2  
  31  3:25  SCV  
  34  3:29  SCV  
  34  3:33  Widow Mine  
  37  3:40  Marine x2  
  39  3:41  Medivac  
  39  3:44  SCV x2  
  43  3:52  Supply Depot  
  43  3:57  Marine  
  43  3:58  Marine  
  45  4:03  Factory Tech Lab  
  45  4:06  SCV  
  46  4:13  SCV, Barracks  
  46  4:14  Barracks  
  46  4:15  Supply Depot  
  47  4:20  Marine x2  
  49  4:25  Siege Tank  
  49  4:26  Starport Reactor  
  52  4:33  SCV x2  
  52  4:37  Supply Depot  
  54  4:43  Marine x2  
  53  5:04  Supply Depot  
  53  5:06  Siege Tank, Marine x2  
  48  5:07  Command Center  
  48  5:08  Barracks Tech Lab  
  48  5:10  Barracks Tech Lab  
  48  5:13  SCV x2  
  50  5:25  Engineering Bay  
  49  5:30  SCV x2  
  49  5:31  Combat Shields  
  49  5:32  Marine x4, Stimpack  
  55  5:42  Medivac, SCV x2  
  59  5:48  Medivac  
  59  5:49  Marine  
  61  5:52  Marine x2, Engineering Bay  
  61  5:53  Marine  
  61  5:55  SCV  
  61  5:56  SCV  
  67  6:07  Terran Infantry Weapons Level 1, Marine  
  67  6:09  Refinery  
  67  6:10  Refinery, SCV, Marine x3  
  72  6:18  Missile Turret  
  72  6:19  Missile Turret  
  72  6:22  Factory Reactor  
  72  6:23  SCV x2  
  74  6:27  Orbital Command  
  74  6:30  Marine x2  
  76  6:35  Terran Infantry Armor Level 1  
  76  6:40  Marine x2  
  78  6:48  Marine x2  
  78  6:50  SCV  
  78  6:53  Barracks x2  
  81  6:55  Orbital Command  
  81  6:59  Widow Mine x2  
  81  7:00  Marine x2  
  87  7:09  Medivac x2  
  87  7:10  Marine x2  
  93  7:17  Supply Depot x2  
  93  7:25  SCV x3  
  93  7:28  Marauder, Marine x2  
  100  7:36  Supply Depot  
  100  7:37  SCV  
  100  7:38  SCV  
  100  7:39  Marauder  
  104  7:47  Barracks Reactor, Widow Mine x2  
  104  7:49  Liberator  
  108  7:55  Marauder, Marine x3  
  113  7:59  Liberator, Marine  
  114  8:08  SCV  
  114  8:09  SCV, Missile Turret  
  114  8:10  SCV  
  120  8:14  Marauder  
  125  8:23  Supply Depot  
  125  8:25  Supply Depot  
  125  8:26  Widow Mine x2  
  125  8:29  Marauder  
  125  8:39  Armory  
  125  8:44  Marine x5  
  125  8:45  Marauder  
  125  8:47  SCV  
  125  8:48  SCV x2  
  135  8:50  Marine  
  132  9:07  Marine  
  132  9:08  Marauder x3, Marine x3  
  124  9:25  Marine  
  124  9:29  Marauder  
  124  9:30  Marauder  
  126  9:35  Medivac x2, Marine x2  
  126  9:36  Marauder  
  134  9:43  SCV x3  
  134  9:44  Barracks  
  134  9:45  Barracks  
  137  9:46  Barracks  
  137  9:47  Widow Mine x2  
  141  10:03  Liberator, Marauder  
  141  10:04  Liberator  
  113  10:15  Marauder x2, Marine x4  
  124  10:22  Terran Infantry Weapons Level 2, Terran Infantry Armor Level 2  
  124  10:24  Marauder  
  126  10:32  Marine  
  126  10:35  SCV  
  124  10:39  Starport  
  124  10:40  Marauder, Marine x2  
  127  10:46  Command Center  
  115  11:00  Barracks Reactor, Liberator, Barracks Tech Lab x2  
  115  11:04  Liberator  
  109  11:05  Widow Mine x2  
  109  11:06  Marine x4  
  109  11:07  Marauder  
  109  11:09  SCV  
  109  11:10  Fusion Core  
  119  11:12  SCV  
  124  11:27  Marauder, Marine x2  
  124  11:29  Marine  
  124  11:31  SCV x2  
  131  11:33  SCV  
  131  11:35  Starport Tech Lab  
  131  11:38  Marine x2  
  134  11:43  SCV  
  134  11:46  Liberator x2  
  135  12:02  Advanced Ballistics  
  135  12:07  SCV  
  135  12:08  SCV x2  
  139  12:20  Planetary Fortress  
  129  12:38  Marauder, Marine x5  
  129  12:39  Marauder x4, Marine  
  145  12:46  SCV  
  145  12:47  SCV x2  
  148  12:54  Medivac x2  
  148  12:55  Widow Mine x2  
  156  13:03  Missile Turret  
  156  13:04  Missile Turret  
  156  13:07  Refinery x2  
  156  13:35  Starport Reactor  
  156  13:45  SCV, Marine  
  156  13:46  SCV, Marine  
  156  13:53  Refinery  
  156  13:54  Refinery, Command Center  
  156  13:55  Supply Depot x2  
  156  13:56  Supply Depot  
  156  14:00  Liberator x2  
  156  14:01  SCV  
  156  14:08  Marine  
  156  14:16  SCV, Marine  
  156  14:17  Marauder x4, Marine  
  164  14:19  Liberator  
  164  14:22  Terran Infantry Armor Level 3, Terran Infantry Weapons Level 3  
  173  14:38  Command Center  
  176  14:39  Marauder, Marine x2  
  180  14:48  Marine  
  180  15:15  Terran Vehicle And Ship Armor Level 1, Supply Depot  
  180  15:16  Supply Depot  
  180  15:19  Armory  
  180  15:29  Supply Depot  
  180  15:30  Supply Depot  
  180  15:39  Viking x4  
  193  15:45  Widow Mine  
  193  15:46  Widow Mine  
  147  16:04  Marine x5  
  147  16:05  Marauder x3, Marine  
  147  16:09  Viking  
  147  16:11  Viking x3  
  167  16:24  Liberator x3  
  167  16:25  Liberator  
  167  16:27  Marine x3  
  167  16:28  Marauder x5, Marine x2  
  182  16:36  Marine  
  183  16:45  Marine x3  
  183  16:46  Terran Ship Weapons Level 1  
  198  16:49  Marauder  
  166  17:04  Marauder x2, Marine x4  
  166  17:05  Marauder, Marine x2  
  174  17:28  Viking x3  
  174  17:29  Viking  
  182  17:31  Marine x4  
  182  17:32  Marauder x5, Marine x2  
  195  17:49  Marine  
  196  17:53  Marauder  
  181  17:59  Marine  
  183  18:10  Viking x4  
  183  18:11  Marauder, Marine x4  
  183  18:12  Marauder x2  
  164  18:31  Marine x3  
  164  18:32  Marauder x2, Marine x3  
  164  18:33  Marauder  
  147  18:51  Liberator  
  147  18:52  Liberator x3  
  157  19:10  Marine x3  
  157  19:11  Marauder x2, Marine  
  165  19:37  Marine  
  165  19:38  Marauder  
  168  19:39  Command Center  
  168  19:41  Marauder, Marine  
  163  20:05  Planetary Fortress  
  163  20:10  Marauder, Marine x3  
  163  20:11  Marauder, Command Center  
  163  20:14  Missile Turret  
  170  20:19  Missile Turret  
  121  21:22  Marauder x3, Marine x7  
  121  21:23  Marauder  
  121  21:24  Liberator x2  
  111  21:31  Liberator  
  102  21:39  Marine x2  
  80  21:40  Marine x2  
  80  21:41  Marauder  
  80  21:44  Marauder x2  
  99  21:54  Marine  
  99  21:55  Marine  
  101  22:04  Medivac  
  101  22:05  Marine x2  
  101  22:07  Marine  
  106  22:24  Medivac  
  108  22:36  Marine x2  
  108  22:37  Marauder x5, Marine x4  
  116  22:39  Medivac  
  116  22:40  Medivac  
  128  22:49  Liberator x2  
  128  22:52  Liberator  
  128  23:07  Liberator  
  128  23:09  Refinery  
  128  23:10  Refinery, Planetary Fortress  
  137  23:13  SCV x3  
  143  23:27  Marauder, Marine x3  
  143  23:31  Marine  
  143  23:32  Marauder  
  151  23:37  Missile Turret  
  151  23:44  Marine x2  
  151  23:45  Marauder x2  
Tags
 
Add a new tag
Caveats
  • Supply blocks, unpowered buildings, or Contaminate may cause inaccurate times.
  • Supply counts are checked every 10 seconds.